 Dungeon Crawl Stone Soup version 0.30-a0-830-gfe289a77b0 (webtiles) character file.

Game seed: 7371528252820017805

32 Nacht the Digger (level 3, 0/24 HPs)
             Began as a Demonspawn Earth Elementalist on Mar 1, 2023.
             Slain by an adder (3 damage)
             ... on level 2 of the Dungeon.
             The game lasted 00:00:54 (644 turns).

Nacht the Digger (Demonspawn Earth Elementalist)     Turns: 644, Time: 00:00:54

Health: 0/24       AC:  2    Str:  5 (8)  XL:     3   Next: 8%
Magic:  1/6        EV: 12    Int: 17 (18) God:
Gold:   12         SH:  0    Dex: 10 (13) Spells: 5/6 levels left

rFire   . . .      SeeInvis .    (no weapon)
rCold   . . .      Faith    .    (no shield)
rNeg    . . .      Spirit   .    a - +0 robe
rPois   .          Reflect  .    (helmet restricted)
rElec   .          Harm     .    (no cloak)
rCorr   .          Rampage  .    (no gloves)
Will    .....                    (no boots)
Stlth   ++                       (no amulet)
HPRegen 0.24/turn                (no ring)
MPRegen 0.10/turn                (no ring)

@: mighty, brilliant, invisible
A: antennae 1
a: no special abilities


You were on level 2 of the Dungeon.
You visited 1 branch of the dungeon, and saw 2 of its levels.

You collected 12 gold pieces.

Inventory:

Armour
 a - a +0 robe (worn)
Scrolls
 c - a scroll of silence {unknown}
 d - a scroll of identify {unknown}
 e - a scroll of torment {unknown}
 h - a scroll of teleportation {unknown}
 i - a scroll of brand weapon {unknown}
Potions
 g - a potion of degeneration


   Skills:
 - Level 1.7 Dodging
 - Level 1.7 Stealth
 - Level 2.0 Spellcasting
 - Level 0.8 Transmutations
 + Level 3.9 Earth Magic


You had 5 spell levels left.
You knew the following spells:

 Your Spells              Type           Power      Damage    Failure   Level
a - Sandblast             Erth           44%        2d11      3%          1

Your spell library contained the following spells:

 Spells                   Type           Power      Damage    Failure   Level
 Passwall                 Tmut/Erth      11%        N/A       11%         2
 Slow                     Hex            8%         N/A       19%         1
 Stone Arrow              Conj/Erth      24%        3d8       26%         3
 Call Canine Familiar     Summ           2%         N/A       50%         3
 Confusing Touch          Hex            2%         N/A       50%         3
 Kindle Blastsparks       Fire/Tloc/Air  4%         2d10      50%         3
 Portal Projectile        Hex/Tloc       4%         N/A       50%         3
 Vampiric Draining        Necr           2%         2d6       50%         3
 Petrify                  Tmut/Erth      14%        N/A       58%         4
 Leda's Liquefaction      Hex/Erth       6%         N/A       65%         4
 Lee's Rapid Deconstruct  Erth           11%        3d8*      71%         5
 Fulminant Prism          Conj/Hex       1%         3d5       88%         4
 Iskenderun's Mystic Bla  Conj/Tloc      2%         2d3       88%         4


Dungeon Overview and Level Annotations

Branches:
Dungeon (2/15)

Altars:


Innate Abilities, Weirdness & Mutations

You have a pair of small antennae on your head.


Message History

Aim: an adder (moderately wounded, 70% to hit)
The blast of sand misses the adder.
The adder bites you.
* * * LOW HITPOINT WARNING * * *
You are poisoned.
The adder poisons you! The adder bites you.
* * * LOW HITPOINT WARNING * * *
Casting: Sandblast (safe; 3% risk of failure)
Confirm with . or Enter, or press ? or * to list all spells.
You don't have enough magic to cast this spell.
You hit the adder.
The adder is moderately wounded.
You feel sick. The adder bites you but does no damage.
The adder barely misses you.
You hit the adder.
The adder is heavily wounded.
You feel sick. The adder closely misses you.
Casting: Sandblast (safe; 3% risk of failure)
Confirm with . or Enter, or press ? or * to list all spells.
You don't have enough magic to cast this spell.
It was a potion of brilliance.
You feel clever all of a sudden.
You feel sick. The adder completely misses you.
It was a potion of invisibility.
You fade into invisibility!
You feel sick. The adder barely misses you.
It was a potion of degeneration.
There was something very wrong with that liquid.
You feel weakened.
You feel dopey.
You feel clumsy.
You feel sick.
You are no longer poisoned.
The adder misses you. The adder closely misses you.
It was a potion of might.
You feel very mighty all of a sudden. The adder misses you.
The adder closely misses you.
There is a stone staircase leading up here.
You barely miss the adder.
The adder is moderately wounded.
The adder bites you.
You die...

..............##.
..#..............
.................
.................
.................
...............#.
.................
......†.S@.......
..#.....#.....###
..............#
.#..)...##.......
#....... .#.#..#
##...... ##....#
#......# ....
........ ...


You could see an adder (unable to see you).

Vanquished Creatures
  An adder (D:2)
  2 ball pythons (D:1)
  4 endoplasms
  A giant cockroach (D:1)
  2 goblins
  2 hobgoblins (D:1)
  A quokka (D:1)
  2 bats (D:1)
  6 rats (D:1)
21 creatures vanquished.

Notes
Turn   | Place    | Note
-------+----------+-------------------------------------------
     0 | D:1      | Nacht the Demonspawn Earth Elementalist began the quest for
                  | the Orb.
     0 | D:1      | Reached XP level 1. HP: 13/13 MP: 3/3
   177 | D:1      | Reached skill level 3 in Earth Magic
   247 | D:1      | Gained mutation: You have a pair of small antennae on your
                  | head. [demonic ancestry]
   247 | D:1      | Reached XP level 2. HP: 18/19 MP: 1/5
   590 | D:1      | Found a faded altar of an unknown god.
   631 | D:2      | Reached XP level 3. HP: 19/24 MP: 0/6
   644 | D:2      | Slain by an adder

Illustrated notes

Levels and vault maps discovered:
D:1:      evilmike_arrival_home_sweet_home, layout_rooms,
          shapermc_ecumenical_altar_petra
D:2:      layout_rooms

Skill      XL: |  1 |
---------------+----+-----
Earth Magic    | 3 |  3.9
Dodging        | |  1.7
Stealth        | |  1.7
Spellcasting   | |  2.0
Transmutations | |  0.8

Action                     || total
---------------------------++-------
  Melee: Unarmed           ||     7
   Cast: Sandblast         ||    29
    Use: Potion            ||     5
 Armour: Robe              ||     4
  Dodge: Dodged            ||    21

Table legend: (Time is in decaauts)
 A = Elapsed time spent in this place.
 B = Non-inter-level travel time spent in this place.
 C = Inter-level travel time spent in this place.
 D = Time resting spent in this place.
 E = Time spent auto-exploring this place.
 F = Levels seen in this place.
 G = Mean time per level.
                   A        B        C        D        E       F      G
               +--------+--------+--------+--------+--------+-----+--------+
         Total |    658 |    640 |     18 |      0 |    503 |   2 |  329.0 |
       Dungeon |    658 |    640 |     18 |      0 |    503 |   2 |  329.0 |
               +--------+--------+--------+--------+--------+-----+--------+

Top non-repeatable levels by time:
     D:1: 634 daAuts
     D:2: 23 daAuts
